 Dungeon Crawl Stone Soup version 0.20.1-1-g8b1a95d (webtiles) character file.

1117 Mesmaeker13 the Ducker (level 8, -2/41 HPs)
             Began as a Deep Elf Fire Elementalist on July 20, 2017.
             Slain by an ogre
             ... wielding a +0 giant club
              (14 damage)
             ... on level 6 of the Dungeon.
             The game lasted 00:09:45 (4613 turns).

Mesmaeker13 the Ducker (Deep Elf Fire Elementalist) Turns: 4613, Time: 00:09:46

Health: -2/41      AC:  6    Str:  7    XL:     8   Next: 12%
Magic:  15/19      EV: 16    Int: 21    God:
Gold:   384        SH:  0    Dex: 15    Spells: 11/19 levels left

rFire    . . .     SeeInvis .   j - +0 dagger (venom)
rCold    . . .     Gourm    .   (no shield)
rNeg     + . .     Faith    .   a - +0 robe
rPois    .         Spirit   .   x - +2 helmet
rElec    .         Reflect  .   i - +0 cloak
rCorr    .         Harm     .   (no gloves)
MR       .....                  (no boots)
Stlth    ++........             (no amulet)
Regen    0.2/turn               y - ring of positive energy
MPRegen  0.2/turn               (no ring)

@: no status effects
A: no striking features
a: no special abilities


You were on level 6 of the Dungeon.
You were not hungry.

You visited 1 branch of the dungeon, and saw 6 of its levels.

You collected 384 gold pieces.

Inventory:

Hand Weapons
 j - a +0 dagger of venom (weapon)
Missiles
 d - 259 stones (quivered)
 h - 19 poisoned needles
 v - 11 tomahawks
Armour
 a - a +0 robe (worn)
 i - a +0 cloak (worn)
 x - a +2 helmet (worn)
 D - a +0 shield
Jewellery
 y - a ring of positive energy (left hand)
Scrolls
 e - a scroll of recharging {unknown}
 g - a scroll of fog {unknown}
 p - a scroll of amnesia {unknown}
 r - 3 scrolls of noise {unknown}
 t - a scroll of enchant armour {unknown}
 w - 5 scrolls of teleportation {unknown}
 B - a scroll of identify
 F - a scroll of fear {unknown}
Potions
 k - a potion of brilliance {unknown}
 l - a potion of flight {unknown}
 m - 7 potions of curing {unknown}
 o - 4 potions of agility
 s - a potion of might {unknown}
 z - a potion of degeneration {unknown}
 A - a potion of haste
 C - a potion of magic {unknown}
 E - a potion of mutation {unknown}
Books
 b - a book of Flames

   Spells                             Type                      Level
   a - Flame Tongue                   Conjuration/Fire             1
   b - Throw Flame                    Conjuration/Fire             2
   c - Conjure Flame                  Conjuration/Fire             3
   d - Inner Flame                    Hexes/Fire                   3
   e - Sticky Flame                   Conjuration/Fire             4
   f - Fireball                       Conjuration/Fire             5
 u - a book of Minor Magic

   Spells                             Type                      Level
   a - Magic Dart                     Conjuration                  1
   b - Blink                          Translocation                2
   c - Call Imp                       Summoning                    2
   d - Slow                           Hexes                        2
   e - Conjure Flame                  Conjuration/Fire             3
   f - Mephitic Cloud                 Conjuration/Poison/Air       3
Comestibles
 c - 4 bread rations
 f - 10 fruits
 n - a royal jelly
 q - 4 meat rations


   Skills:
 + Level 6.5 Dodging
 - Level 2.4 Stealth
 - Level 6.0 Spellcasting
 + Level 5.4 Conjurations
 + Level 6.3 Fire Magic


You had 11 spell levels left.
You knew the following spells:

 Your Spells              Type           Power        Failure   Level  Hunger
a - Flame Tongue          Conj/Fire      ####.        1%          1    None
b - Throw Flame           Conj/Fire      ####..       1%          2    None
c - Fireball              Conj/Fire      ####......   24%         5    #####..


Dungeon Overview and Level Annotations

Branches:
Dungeon (6/15)
 Temple: D:4-7

Altars:
Cheibriados
Yredelemnul
The Shining One


Message History

Aim: an ogre, wielding a giant club (severely wounded)
The flame tongue hits the ogre.
The ogre is almost dead.
The ogre hits you with a giant club!
* * * LOW HITPOINT WARNING * * *
An orc comes into view. It is wielding a mace of protection.
Casting: Flame Tongue
Confirm with . or Enter, or press ? or * to list all spells.
You don't know that spell.
Sorry, you're not good enough to have a special ability.
Unknown command.
Casting: Flame Tongue
Confirm with . or Enter, or press ? or * to list all spells.
Aiming: Flame Tongue
Press: ? - help, Shift-Dir - straight line, f/p - ogre
Aim: an ogre, wielding a giant club (almost dead)
The flame tongue hits the ogre.
The ogre is almost dead.
The ogre hits you with a giant club!
You die...

.# .# # 5#
#.# .# ...
.# o. .#
#.##O#####.
#..@.......
####.######
.# .# ##


You could see an ogre, a crimson imp and an orc.

Vanquished Creatures
  Grinder (D:3)
  Sigmund (D:2)
  3 phantoms
  A scorpion (D:5)
  A howler monkey (D:5)
  2 hounds
  3 orc priests
  A bullfrog skeleton (D:5)
  Jessica (D:3)
  An iguana (D:4)
  A worker ant zombie (D:5)
  Robin (D:3)
  2 adders
  4 gnolls
  An ooze (D:2)
  3 worms
  3 dart slugs
  3 leopard geckos
  15 orcs
  2 giant cockroaches (D:1)
  8 hobgoblins
  9 jackals
  4 kobolds
  4 ball pythons
  9 bats
  2 frilled lizards (D:2)
  12 goblins
  A jackal zombie (D:5)
  3 rats
102 creatures vanquished.

Notes
Turn   | Place    | Note
-------+----------+-------------------------------------------
     0 | D:1      | Mesmaeker13 the Deep Elf Fire Elementalist began the quest for the Orb.
     0 | D:1      | Reached XP level 1. HP: 10/10 MP: 6/6
   262 | D:1      | Reached XP level 2. HP: 13/15 MP: 4/8
   751 | D:1      | Reached XP level 3. HP: 14/19 MP: 1/10
   900 | D:2      | Learned a level 2 spell: Throw Flame
  1004 | D:2      | Noticed Sigmund
  1012 | D:2      | Killed Sigmund
  1012 | D:2      | Reached XP level 4. HP: 17/24 MP: 5/12
  1012 | D:2      | Reached XP level 5. HP: 19/28 MP: 5/14
  1922 | D:3      | Reached skill level 5 in Spellcasting
  1955 | D:3      | Noticed Grinder
  2019 | D:3      | Noticed Robin
  2231 | D:3      | Killed Robin
  2325 | D:3      | Reached XP level 6. HP: 32/32 MP: 13/15
  2432 | D:3      | Killed Grinder
  2432 | D:3      | Reached skill level 5 in Fire Magic
  2453 | D:3      | Reached skill level 5 in Dodging
  2585 | D:3      | Noticed Jessica
  2598 | D:3      | Killed Jessica
  2598 | D:3      | Reached XP level 7. HP: 36/36 MP: 7/17
  2743 | D:3      | Learned a level 5 spell: Fireball
  3374 | D:4      | Found a glowing golden altar of the Shining One.
  3438 | D:4      | Found a basalt altar of Yredelemnul.
  3599 | D:4      | Noticed an angel
  3623 | D:5      | Entered Level 5 of the Dungeon
  3986 | D:5      | Found a snail-covered altar of Cheibriados.
  4054 | D:5      | Reached skill level 5 in Conjurations
  4283 | D:5      | Reached XP level 8. HP: 41/41 MP: 12/19
  4613 | D:6      | Slain by an ogre

Skill      XL: |  1  2  3  4  5  6  7 |
---------------+----------------------+-----
Dodging        | 3 4 5 6 |  6.5
Spellcasting   | 4 5 6 |  6.0
Conjurations   | 2 3 4 5 |  5.4
Fire Magic     | 4 5 6 |  6.3
Stealth        | |  2.4

Action                   |  1- 3 |  4- 6 |  7- 9 || total
-------------------------+-------+-------+-------++-------
Melee: Unarmed           |     1 |       |       ||     1
       Dagger            |     6 |    31 |     5 ||    42
 Cast: Flame Tongue      |    43 |    83 |    88 ||   214
       Throw Flame       |     1 |     2 |     2 ||     5
  Use: Scroll            |       |     4 |       ||     4
       Potion            |       |     4 |       ||     4
 Stab: Sleeping          |     1 |     1 |       ||     2
  Eat: Chunk             |       |     5 |     6 ||    11
Armor: Robe              |     8 |    23 |     9 ||    40
Dodge: Dodged            |    28 |    59 |    42 ||   129
